 Dungeon Crawl Stone Soup version 0.31-a0-1163-gcee99d1eea (webtiles) character file.

Game seed: 12991640542832266382

26 Curundu the Poker (level 2, -3/27 HPs)
             Began as a Minotaur Berserker on Dec 9, 2023.
             Was a Follower of Trog.
             Slain by a goblin
             ... wielding a +0 club
             ... led by Robin
              (5 damage)
             ... on level 2 of the Dungeon.
             The game lasted 00:02:56 (753 turns).

Curundu the Poker (Minotaur Berserker)               Turns: 753, Time: 00:02:57

Health: -3/27      AC:  2    Str: 21    XL:     2   Next: 89%
Magic:  1/1        EV: 12    Int:  4    God:    Trog [*.....]
Gold:   8          SH:  0    Dex:  9    Spells: 1/1 levels left

rFire   . . .        a - +0 spear
rCold   . . .        (no shield)
rNeg    . . .        b - +0 animal skin
rPois   .            (helmet restricted)
rElec   .            (no cloak)
rCorr   .            (no gloves)
SInv    .            (no boots)
Will    .....        (no amulet)
Stlth   +            (no ring)
HPRegen 0.24/turn    (no ring)
MPRegen 0.07/turn

%: no passive effects
@: no status effects
A: horns 2, retaliatory headbutt
a: Renounce Religion, Berserk


You were on level 2 of the Dungeon.
You worshipped Trog.
Trog was aware of your devotion.
You visited 1 branch of the dungeon, and saw 2 of its levels.

You collected 58 gold pieces.
You spent 50 gold pieces at shops.

Inventory:

Hand Weapons
 a - a +0 spear (weapon)
Armour
 b - a +0 animal skin (worn)
Scrolls
 e - a scroll of noise {unknown}
 f - a scroll of silence {unknown}
 i - a scroll of identify {unknown}
Potions
 c - a potion of attraction {unknown}
 d - a potion of curing {unknown}
 g - 2 potions of ambrosia {unknown}
 h - a potion of resistance {unknown}
 j - a potion of heal wounds


   Skills:
 + Level 4.1 Fighting
 + Level 4.3 Polearms
 + Level 2.6 Armour
 + Level 2.4 Dodging


You had one spell level left.
You didn't know any spells.
Your spell library was empty.

Dungeon Overview and Level Annotations

Branches:
Dungeon (2/15)

Altars:

Shops:
D:2 !

Annotations:
D:2 Robin


Innate Abilities, Weirdness & Mutations

You have a pair of horns on your head.
You reflexively headbutt those who attack you in melee.


Message History

The goblin attacks as it pursues you! The goblin hits you but does no damage.
You hit the goblin. You headbutt the goblin.
You kill the goblin!
Trog accepts your kill. The goblin barely misses you.
Things that are here:
a +0 dagger; a goblin corpse You closely miss the goblin.
The goblin barely misses you.
You hit the goblin.
The goblin is severely wounded.
The goblin hits you with a +0 club.
You hit the goblin but do no damage. Your headbutt misses the goblin.
The goblin is severely wounded.
Robin throws the goblin at you! The goblin barely misses you.
The goblin hits you but does no damage.
You hit the goblin.
You kill the goblin!
Trog accepts your kill. Robin throws the goblin at you!
The goblin barely misses you. x2
You closely miss the goblin. The goblin hits you with a +0 club.
The goblin hits you but does no damage.
You hit the goblin but do no damage. The goblin closely misses you.
The goblin hits you with a +0 dagger.
You hit the goblin but do no damage.
Robin roars a battlecry!
The goblins go into a battle-frenzy!
The goblin hits you with a +0 club.
You closely miss the goblin. The goblin misses you.
The goblin hits you with a +0 club.
You barely miss the goblin. The goblin hits you with a +0 dagger.
* * * LOW HITPOINT WARNING * * *
You closely miss the goblin. The goblin closely misses you. x2
No quiver actions available for cycling.
Use [Q] to select from all actions.
You hit the goblin.
You kill the goblin!
Trog accepts your kill. Robin throws the goblin at you!
The goblin hits you with a +0 club.
* * * LOW HITPOINT WARNING * * *
The goblin hits you with a +0 club.
You die...

#..#####........#.#########
#..##...........#.#
#..##.##........#.#
#.........#...###+#
##.##.##.##...# ...
#.......######....
####.#.## ....?
##....####gg....
##.....g@ggg.g...
##.###..####gg.... ##.##
##...# ..... #.## ##..#
.... #.# #####..# g..
#.###......# +#
##.##..~...# ##...~⌠..##
##..~~~.#


You could see Robin, 2 hobgoblins and 6 goblins.

Vanquished Creatures
  2 dart slugs (D:1)
  2 ball pythons (D:1)
  3 giant cockroaches (D:1)
  4 goblins
  2 hobgoblins (D:1)
  3 jackals (D:1)
  3 bats (D:1)
  A frilled lizard (D:1)
  A rat (D:1)
21 creatures vanquished.

Notes
Turn   | Place    | Note
-------+----------+-------------------------------------------
     0 | D:1      | Curundu the Minotaur Berserker began the quest for the Orb.
     0 | D:1      | Reached XP level 1. HP: 19/19 MP: 0/0
   235 | D:1      | Reached XP level 2. HP: 17/27 MP: 1/1
   654 | D:2      | Found Uwkesuuh's Distillery.
   661 | D:2      | Bought a potion of heal wounds for 50 gold pieces
   738 | D:2      | Identified the +0 helmet of Kaezy {Slay+3}
   738 | D:2      | Noticed Robin
   753 | D:2      | Slain by a goblin

Illustrated notes

Levels and vault maps discovered:
D:1:      ncdulo_watergridlock, layout_loops_cross
D:2:      layout_loops_corners, serial_shops, shop, shop, shop_coins, shop,
          nicolae_shop_stone, corexii_leaking_fountain, uniq_robin

Skill      XL: |  1  2 |
---------------+-------+-----
Polearms       | 4 |  4.3
Fighting       | 4 |  4.1
Armour         | |  2.6
Dodging        | |  2.4

Action                     || total
---------------------------++-------
  Melee: Spear             ||    46
         Headbutt          ||    13
 Armour: Animal skin       ||    33
  Dodge: Dodged            ||    30

Table legend: (Time is in decaauts)
 A = Elapsed time spent in this place.
 B = Non-inter-level travel time spent in this place.
 C = Inter-level travel time spent in this place.
 D = Time resting spent in this place.
 E = Time spent auto-exploring this place.
 F = Levels seen in this place.
 G = Mean time per level.
                   A        B        C        D        E       F      G
               +--------+--------+--------+--------+--------+-----+--------+
         Total |    748 |    748 |      0 |      0 |    586 |   2 |  374.0 |
       Dungeon |    748 |    748 |      0 |      0 |    586 |   2 |  374.0 |
               +--------+--------+--------+--------+--------+-----+--------+

Top non-repeatable levels by time:
     D:1: 644 daAuts
     D:2: 104 daAuts
